 Dungeon Crawl Stone Soup version 0.29.1-4-g47bece8355 (webtiles) character file.

Game seed: 5953852126115575325

529 cheesebisquit the Cleaver (level 7, -2/60 HPs)
             Began as a Minotaur Berserker on Dec 9, 2022.
             Was a Priest of Trog.
             Slain by a gnoll
             ... wielding a +0 flail
              (7 damage)
             ... on level 5 of the Dungeon.
             The game lasted 00:11:23 (3509 turns).

cheesebisquit the Cleaver (Minotaur Berserker)      Turns: 3509, Time: 00:11:24

Health: -2/60      AC: 10    Str: 24    XL:     7   Next: 3%
Magic:  6/6        EV:  9    Int:  4    God:    Trog [***...]
Gold:   202        SH:  0    Dex:  9    Spells: 6/6 levels left

rFire   . . .      SeeInvis .   o - +0 battleaxe
rCold   . . .      Faith    .   (shield currently unavailable)
rNeg    . . .      Spirit   .   g - +0 chain mail
rPois   .          Reflect  .   c - +1 hat
rElec   .          Harm     .   (no cloak)
rCorr   .          Rampage  .   (no gloves)
Will    .....                   (no boots)
Stlth   ..........              (no amulet)
HPRegen 0.20/turn               (no ring)
MPRegen 0.10/turn               (no ring)

@: on berserk cooldown, slowed, very slow
A: horns 2, retaliatory headbutt
a: Renounce Religion, Berserk, Trog's Hand


You were on level 5 of the Dungeon.
You worshipped Trog.
Trog was most pleased with you.
You visited 1 branch of the dungeon, and saw 5 of its levels.
You also visited: Sewer.

You collected 202 gold pieces.

Inventory:

Hand Weapons
 a - a +0 hand axe
 o - a +0 battleaxe (weapon)
Missiles
 k - 11 poisoned darts (quivered)
Armour
 b - a +0 animal skin
 c - a +1 hat (worn)
 g - a +0 chain mail (worn)
 h - a +0 leather armour
 l - a +0 ring mail
 p - a +0 scale mail
Scrolls
 e - 3 scrolls of identify
 f - a scroll of enchant weapon {unknown}
 j - a scroll of teleportation {unknown}
 m - a scroll of torment {unknown}
 n - a scroll of brand weapon {unknown}
 q - 2 scrolls of noise {unknown}
 s - a scroll of poison {unknown}
 u - a scroll of summoning {unknown}
 v - a scroll of enchant armour {unknown}
 y - a scroll of amnesia {unknown}
 A - 2 scrolls of immolation {unknown}
Potions
 d - a potion of curing {unknown}
 i - 4 potions of degeneration
 r - 2 potions of might {unknown}
 t - a potion of haste {unknown}
 w - a potion of heal wounds {unknown}
 x - a potion of invisibility {unknown}
 z - a potion of ambrosia {unknown}


   Skills:
 - Level 4.7 Fighting
 + Level 8.1 Axes
 - Level 3.8 Armour
 - Level 3.4 Dodging


You had 6 spell levels left.
You didn't know any spells.
Your spell library was empty.

Dungeon Overview and Level Annotations

Branches:
Dungeon (5/15)              Sewer (visited)
 Temple: D:4-7

Altars:

Annotations:
D:5 Grinder


Innate Abilities, Weirdness & Mutations

You have a pair of horns on your head.
You reflexively headbutt those who attack you in melee.


Message History

A gnoll comes into view. It is wielding a +0 flail.
Your life force feels restored.
Your Axes skill increases to level 8!
You have reached level 7!
The gnoll shouts!
You hit the necrophage.
The necrophage is lightly damaged.
The necrophage hits you but does no damage.
Grinder blinks!
The necrophage hits you.
Grinder grins, showing sharp teeth.
The gnoll closely misses you.
You closely miss the necrophage. You headbutt the necrophage.
The necrophage is moderately damaged.
You barely miss the gnoll. The gnoll hits you but does no damage.
The necrophage barely misses you. You furiously retaliate!
You headbutt the necrophage! Grinder completely misses you.
You furiously retaliate!
You headbutt Grinder. The gnoll hits you but does no damage.
The necrophage hits you but does no damage.
You hit Grinder but do no damage. You headbutt Grinder, but do no damage.
Grinder is lightly wounded.
You hit the gnoll. x2; You closely miss the necrophage.
The gnoll hits you with a +0 club.
The necrophage hits you but does no damage.
Grinder hits you!
You writhe in agony.
The gnoll hits you with a +0 flail!
* * * LOW HITPOINT WARNING * * *
Grinder hits you but does no damage. The gnoll closely misses you.
You furiously retaliate!
You headbutt the gnoll. The gnoll hits you with a +0 flail.
* * * LOW HITPOINT WARNING * * *
The necrophage hits you.
* * * LOW HITPOINT WARNING * * *
As you read the scroll labelled JUILUC NINO, it crumbles to dust.
It is a scroll of identify.
i - 4 potions of degeneration The necrophage misses you.
Grinder barely misses you. The gnoll hits you with a +0 club.
* * * LOW HITPOINT WARNING * * *
The gnoll hits you with a +0 flail!
You die...

...............#
...........###.#
..#............#
....#####†####..
.##..........#
##..........#
............#
##..........#.#
#.....@5......
#....gng.....#
#..(.........#
#............#
#.............
#.............
####.####.....
.. .....


You could see Grinder, a necrophage and 2 gnolls.

Vanquished Creatures
  Menkaure (D:5)
  A phantom (D:3)
  3 jellies (Sewer)
  An orc priest (D:3)
  A hound (D:5)
  A gnoll (D:5)
  A river rat (Sewer)
  5 adders
  2 worms
  2 dart slugs (D:1)
  4 orcs (D:3)
  6 ball pythons
  13 endoplasms
  9 giant cockroaches
  6 goblins
  8 hobgoblins
  4 jackals
  3 quokkas
  10 bats
  7 frilled lizards
  3 kobolds
  8 rats
99 creatures vanquished.

Notes
Turn   | Place    | Note
-------+----------+-------------------------------------------
     0 | D:1      | cheesebisquit the Minotaur Berserker began the quest for
                  | the Orb.
     0 | D:1      | Reached XP level 1. HP: 19/19 MP: 0/0
   175 | D:1      | Reached XP level 2. HP: 25/27 MP: 1/1
   391 | D:1      | Found a faded altar of an unknown god.
   395 | D:1      | Reached skill level 4 in Axes
   494 | D:1      | Reached ** piety under Trog
   499 | D:1      | Reached XP level 3. HP: 27/33 MP: 2/2
  1696 | D:3      | Noticed a phantom
  1706 | D:3      | Killed a phantom
  1707 | D:3      | Reached XP level 4. HP: 34/41 MP: 3/3
  1707 | D:3      | Reached XP level 5. HP: 39/47 MP: 4/4
  2146 | D:3      | Reached skill level 5 in Axes
  2171 | D:3      | Found a glowing drain.
  2184 | Sewer    | Entered a sewer
  2289 | Sewer    | Reached *** piety under Trog
  2324 | Sewer    | Reached skill level 6 in Axes
  2385 | Sewer    | Found a viscous altar of Jiyva.
  2460 | Sewer    | Reached XP level 6. HP: 47/53 MP: 5/5
  3248 | D:4      | Reached skill level 7 in Axes
  3484 | D:5      | Entered Level 5 of the Dungeon
  3486 | D:5      | Noticed Grinder
  3496 | D:5      | Noticed Menkaure
  3504 | D:5      | Killed Menkaure
  3505 | D:5      | Reached skill level 8 in Axes
  3505 | D:5      | Reached XP level 7. HP: 40/60 MP: 6/6
  3509 | D:5      | Slain by a gnoll

Illustrated notes

Levels and vault maps discovered:
D:1:      erik_arrival_blinker_ship, layout_loops_ring,
          chequers_ecumenical_altar_simple_redux, chequers_serial_rivers_room_b
D:2:      layout_loops_ring
D:3:      layout_basic, portal_sewer_entry_f, serial_bayou_pond_b
D:4:      kennysheep_big_flooded_room, layout_basic, serial_bayou_ford_a,
          minmay_crystal_room, minivault_14, uniq_edmund
D:5:      layout_rooms, gammafunk_temple_overflow_wave, uniq_pikel,
          uniq_grinder, uniq_menkaure

Skill      XL: |  1  2  3  4  5  6 |
---------------+-------------------+-----
Axes           | 4 6 8 |  8.1
Fighting       | 4 |  4.7
Armour         | 3 |  3.8
Dodging        | 3 |  3.4

Action                   |  1- 3 |  4- 6 |  7- 9 || total
-------------------------+-------+-------+-------++-------
Melee: Hand axe          |   108 |     3 |       ||   111
       Headbutt          |     4 |    15 |     2 ||    21
       Punch             |     2 |       |       ||     2
       Battleaxe         |       |   119 |     3 ||   122
Invok: Berserk           |       |     1 |       ||     1
  Use: Scroll            |       |       |     1 ||     1
Armor: Animal skin       |     8 |       |       ||     8
       Chain mail        |    46 |    68 |     6 ||   120
Dodge: Dodged            |    53 |    67 |     6 ||   126
